 Dungeon Crawl Stone Soup version 0.25.0-41-g26779e291d (webtiles) character file.

Game seed: 2339535094440937486

81 wojtek the Chopper (level 4, -6/39 HPs)
             Began as a Minotaur Fighter on July 10, 2020.
             Mangled by Sigmund
             ... wielding a +0 scythe
              (7 damage)
             ... on level 2 of the Dungeon.
             The game lasted 00:01:12 (1178 turns).

wojtek the Chopper (Minotaur Fighter)               Turns: 1178, Time: 00:01:13

Health: -6/39      AC:  6    Str: 21    XL:     4   Next: 19%
Magic:  3/3        EV:  7    Int:  5    God:
Gold:   38         SH:  9    Dex: 10    Spells: 3/3 levels left

rFire    . . .     SeeInvis .   a - +0 war axe
rCold    . . .     Gourm    .   c - +0 kite shield
rNeg     . . .     Faith    .   b - +0 scale mail
rPois    .         Spirit   .   (helmet restricted)
rElec    .         Reflect  .   (no cloak)
rCorr    .         Harm     .   (no gloves)
MR       .....                  (no boots)
Stlth    ..........             (no amulet)
HPRegen  0.13/turn              (no ring)
MPRegen  0.08/turn              (no ring)

@: no status effects
A: retaliatory headbutt, horns 2
a: no special abilities


You were on level 2 of the Dungeon.
You were not hungry.

You visited 1 branch of the dungeon, and saw 2 of its levels.

You collected 38 gold pieces.

Inventory:

Hand Weapons
 a - a +0 war axe (weapon)
Armour
 b - a +0 scale mail (worn)
 c - a +0 kite shield (worn)
Scrolls
 e - a scroll of identify {unknown}
 h - a scroll of fear {unknown}
 j - a scroll of enchant armour {unknown}
 k - 2 scrolls of teleportation {unknown}
 p - a scroll of enchant weapon {unknown}
 q - a scroll of remove curse {unknown}
 r - a scroll of immolation {unknown}
Potions
 d - a potion of might
 i - a potion of lignification {unknown}
 l - a potion of curing {unknown}
 m - a potion of invisibility {unknown}
 n - a potion of berserk rage {unknown}
 o - a potion of stabbing {unknown}
Comestibles
 f - 2 rations
 g - 3 chunks of flesh


   Skills:
 - Level 3.6 Fighting
 + Level 5.5 Axes
 - Level 3.6 Armour
 - Level 3.6 Shields


You had 3 spell levels left.
You didn't know any spells.
Your spell library was empty.

Dungeon Overview and Level Annotations

Branches:
Dungeon (2/15)

Altars:

Annotations:
D:2 Jessica, Sigmund


Innate Abilities, Weirdness & Mutations

You reflexively headbutt those who attack you in melee.
You have a pair of horns on your head.


Message History

You aren't carrying any items that you can evoke.
Unknown command.
You closely miss something. You miss something. You headbutt something.
Sigmund appears from thin air!
Reactivating autopickup.
Sigmund hits you but does no damage.
You slash Sigmund!
Sigmund is heavily wounded.
Jessica gestures wildly while chanting.
Jessica blinks!
Sigmund hits you but does no damage.
Your shield prevents you from hitting Sigmund.
Your headbutt misses Sigmund.
Sigmund is heavily wounded.
Sigmund hits you with a +0 scythe.
* * * LOW HITPOINT WARNING * * *
You barely miss Sigmund.
Sigmund is heavily wounded.
Jessica casts a spell.
Jessica blinks!
Sigmund hits you with a +0 scythe!
You die...

..........>#
##########.# # #.#
# #.# #
######.####### #
..............#
##.#.#.#########.#
....# #.# ##.##
#@# # #@# #b# ##..
#.# ..(.. . # #ยง#
####. #..#. #.#
#.....##.# ###
....@....# ...
#.##...#.#


You could see Sigmund and a bat.

Vanquished Creatures
  4 gnolls (D:2)
  An ooze (D:1)
  2 worms (D:2)
  3 leopard geckos
  2 giant cockroaches
  4 goblins
  A hobgoblin (D:2)
  4 kobolds
  A quokka (D:2)
  5 bats
  2 frilled lizards
  4 rats
33 creatures vanquished.

Notes
Turn   | Place    | Note
-------+----------+-------------------------------------------
     0 | D:1      | wojtek the Minotaur Fighter began the quest for the Orb.
     0 | D:1      | Reached XP level 1. HP: 19/19 MP: 0/0
   115 | D:1      | Reached skill level 3 in Axes
   115 | D:1      | Reached XP level 2. HP: 26/26 MP: 1/1
   742 | D:2      | Reached skill level 4 in Axes
   742 | D:2      | Reached XP level 3. HP: 31/31 MP: 2/2
   753 | D:2      | Reached skill level 5 in Axes
   914 | D:2      | Reached XP level 4. HP: 39/39 MP: 3/3
  1143 | D:2      | Noticed Jessica
  1146 | D:2      | Noticed Sigmund
  1177 | D:2      | HP: 1/39 [Sigmund/+0 scythe (2)]
  1178 | D:2      | Mangled by Sigmund

Illustrated notes

Levels and vault maps discovered:
D:1:      ebering_hopf_link, layout_loops_ring, minmay_misc_feat_secret_circle
D:2:      layout_loops_ring, uniq_sigmund, uniq_crazy_yiuf_cottage,
          uniq_terence, uniq_jessica

Skill      XL: |  1  2  3 |
---------------+----------+-----
Axes           | 3 4 5 |  5.5
Fighting       | |  3.6
Armour         | |  3.6
Shields        | |  3.6

Action                   |  1- 3 |  4- 6 || total
-------------------------+-------+-------++-------
Melee: War axe           |    64 |    41 ||   105
       Headbutt          |    10 |     5 ||    15
  Eat: Chunk             |       |     1 ||     1
Armor: Scale mail        |    34 |    19 ||    53
Dodge: Dodged            |    24 |     7 ||    31
Block: Kite shield       |    39 |    14 ||    53
